 Dungeon Crawl Stone Soup version 0.32-a0-841-g4648e6c457 (webtiles) character file.

Game seed: 5188777693450606385

124 ezpacito the Chopper (level 5, 0/41 HPs)
             Began as a Coglin Chaos Knight on Mar 26, 2024.
             Was a Plaything of Xom.
             Slain by a sixfirhy (10 damage)
             ... summoned by Xom
             ... on level 2 of the Dungeon.
             The game lasted 00:01:35 (1540 turns).

ezpacito the Chopper (Coglin Chaos Knight)          Turns: 1540, Time: 00:01:35

Health: 0/41       AC:  5    Str: 14    XL:     5   Next: 8%
Magic:  6/6        EV: 11    Int: 12    God:    Xom [..*...]
Gold:   44         SH:  0    Dex: 13    Spells: 5/5 levels left

rFire   . . .        a - +0 hand axe (chaos) {Fritz}
rCold   . . .        e - +0 mace (protect) {Armando}
rNeg    . . .        b - +2 leather armour
rPois   .            (no helmet)
rElec   .            (no cloak)
rCorr   .            (no gloves)
SInv    .            (no boots)
Will    .....        (amulet unavailable)
Stlth   +            (ring unavailable)
HPRegen 0.26/turn    (ring unavailable)
MPRegen 0.10/turn    (no gizmo)

%: no passive effects
@: about to teleport, weak-willed
A: off-hand wielding, slow wielding, warmup strikes, no jewellery
a: Invent Gizmo, Renounce Religion


You were on level 2 of the Dungeon.
You worshipped Xom.
You were a toy of Xom.
You visited 1 branch of the dungeon, and saw 2 of its levels.

You collected 44 gold pieces.

Inventory:

Hand Weapons
 a - a +0 hand axe of chaos (weapon) {Fritz}
 e - a +0 mace of protection (offhand) {Armando}
 s - a +1 spear of freezing
Missiles
 l - 11 boomerangs (quivered)
Armour
 b - a +2 leather armour (worn)
Scrolls
 f - a scroll of brand weapon {unknown}
 h - a scroll of silence {unknown}
 i - a scroll of identify
 j - a scroll of immolation {unknown}
 k - a scroll of enchant weapon
 n - 2 scrolls of vulnerability
 o - a scroll of fear {unknown}
 p - a scroll of blinking {unknown}
 t - a scroll of teleportation
Potions
 d - a potion of haste {unknown}
 g - a potion of degeneration {unknown}
 m - a potion of invisibility {unknown}
 q - 2 potions of attraction {unknown}
 r - a potion of might {unknown}


   Skills:
 * Level 3.4 Fighting
 * Level 3.6(3.7) Axes
 + Level 1.1(2.3) Polearms
 * Level 2.4 Armour
 * Level 2.1 Dodging
 + Level 0.9 Stealth
 + Level 0.7 Spellcasting


You had 5 spell levels left.
You didn't know any spells.
Your spell library contained the following spells:

 Spells                   Type           Power      Damage    Failure   Level
 Freeze                   Ice            0%         1d3       36%         1
 Call Canine Familiar     Summ           0%         N/A       75%         3
 Frozen Ramparts          Ice            0%         1d1       75%         3
 Hailstorm                Conj/Ice       0%         3d5       75%         3
 Sigil of Binding         Hex            0%         N/A       75%         3
 Dimensional Bullseye     Hex/Tloc       0%         N/A       98%         4


Dungeon Overview and Level Annotations

Branches:
Dungeon (2/15)

Altars:

Shops:
D:1 [


Innate Abilities, Weirdness & Mutations

You can wield a second weapon in your off-hand.
It takes a long time for you to wield or remove held weapons.
Your first few attacks do less damage.
You cannot equip rings or amulets.


Message History

Your butterfly disappears in a burst of colours!
The iron imp hits you. The crimson imp misses your butterfly.
You take 2 damage, and have 39/41 hp.
Something hits your butterfly.
Your butterfly dies!
Your butterfly disappears in a burst of colours!
The sixfirhy hits your butterfly.
Your butterfly dies!
Your butterfly disappears in a burst of colours!
The iron imp hits you!
Something completely misses your butterfly.
You take 7 damage, and have 32/41 hp.
The sixfirhy hits your butterfly!
Your butterfly dies!
Your butterfly disappears in a burst of colours!
The sixfirhy barely misses your butterfly.
The sixfirhy closely misses something.
The sixfirhy barely misses something.
The sixfirhy misses your butterfly.
You see here a hound skeleton.
The sixfirhy barely misses you.
There is a stone staircase leading up here.
As you read the scroll labelled XENOGA LULA, it crumbles to dust.
A wave of despondency washes over your surroundings.
It was a scroll of vulnerability.
The sixfirhy closely misses you.
As you read the scroll labelled BOHARR AXKEED, it crumbles to dust.
It is a scroll of identify.
k - a scroll of enchant weapon;
i - a scroll of identify
e - a +0 mace of protection (offhand) {Armando}
As you read the scroll labelled JUICIN XIALO, it crumbles to dust.
You feel strangely unstable.
It was a scroll of teleportation.
t - a scroll of teleportation;
l - 11 boomerangs (quivered)
The sixfirhy closely misses you. The sixfirhy hits you.
The sixfirhy shocks you!
A shower of butterflies erupts from you!
The sixfirhy closely misses you. The sixfirhy hits you.
The sixfirhy shocks you!
* * * LOW HITPOINT WARNING * * *
The sixfirhy hits you!
You die... "This toy is broken."

#.###.#.## #.....# #.# #.##..#..#
#.....# #.# #†######.# #...<.#
#.# #.###.('.# #.....# ###.#
#...#..### #)....# #...# ########
###.### #.### #.# #.# #.#
#.#########.######.#
#........##b.@3b##.# ########
#..#.#...))bb.#b##.# #.....<#
#.)#..>#.####b5÷...# #.####.#
####.....##.# ###.#######.####.#
..###.#####.######.##.......#....
#.# #.#####.##.....##.......#÷#.#
#.###.......##3######..###..#.#.#
......########.## #..#........#
#####.# #...# #..#.#..#####


You could see a sixfirhy (summoned, weak-willed, ally target) and an iron imp
(summoned).

Vanquished Creatures
  A hound (D:2)
  3 adders (D:2)
  3 gnolls (D:2)
  A dart slug (D:1)
  2 ball pythons (D:1)
  6 bats
  6 endoplasms
  2 giant cockroaches
  3 hobgoblins (D:2)
  A quokka (D:1)
  3 frilled lizards
  A goblin (D:2)
  A kobold (D:1)
  4 rats (D:2)
37 creatures vanquished.

Notes
Turn   | Place    | Note
-------+----------+-------------------------------------------
     0 | D:1      | ezpacito the Coglin Chaos Knight began the quest for the
                  | Orb.
     0 | D:1      | Reached XP level 1. HP: 18/18 MP: 1/1
    46 | D:1      | Reached skill level 1 in Dodging
   128 | D:1      | Reached XP level 2. HP: 24/24 MP: 2/2
   155 | D:1      | XOM: silly message
   199 | D:1      | Found Zokh's Armour Boutique.
   466 | D:1      | XOM: divination: magic mapping
   523 | D:1      | XOM: divination: magic mapping
   620 | D:2      | XOM: confusion
   626 | D:2      | XOM: fog
   628 | D:2      | Reached XP level 3. HP: 20/29 MP: 3/3
   804 | D:2      | Reached XP level 4. HP: 33/35 MP: 4/4
   830 | D:2      | Found a faded altar of an unknown god.
   956 | D:2      | XOM: summons 1 hostile demon
  1062 | D:2      | Reached skill level 1 in Polearms
  1273 | D:2      | Reached XP level 5. HP: 41/41 MP: 5/5
  1519 | D:2      | XOM: summons 3 hostile demons
  1520 | D:2      | Noticed a sixfirhy
  1540 | D:2      | XOM: butterfly on damage
  1540 | D:2      | Slain by a sixfirhy

Illustrated notes

Levels and vault maps discovered:
D:1:      shiori_arrival_elements, layout_basic, serial_shops, shop,
          hangedman_decor_clover_reticule
D:2:      layout_loops_cross, hellmonk_ecumenical_altar_inner_sanctum,
          supply_closet_lemuel, dk_noncrumbling_3

Skill      XL: |  1  2  3  4 |
---------------+-------------+-----
Dodging        | 1 2 |  2.1
Armour         | 2 |  2.4
Polearms       | 1 |  1.1
Fighting       | |  3.4
Axes           | |  3.6
Stealth        | |  0.9
Spellcasting   | |  0.7

Action                     |  1- 3 |  4- 6 || total
---------------------------+-------+-------++-------
  Melee: Hand axe          |    44 |    34 ||    78
         Dagger            |    17 |       ||    17
         Mace              |    27 |    28 ||    55
    Use: Scroll            |       |     4 ||     4
   Stab: Sleeping          |     1 |       ||     1
 Armour: Leather armour    |    38 |    26 ||    64
  Dodge: Dodged            |    32 |    29 ||    61

Table legend: (Time is in decaauts)
 A = Elapsed time spent in this place.
 B = Non-inter-level travel time spent in this place.
 C = Inter-level travel time spent in this place.
 D = Time resting spent in this place.
 E = Time spent auto-exploring this place.
 F = Levels seen in this place.
 G = Mean time per level.
                   A        B        C        D        E       F      G
               +--------+--------+--------+--------+--------+-----+--------+
         Total |   1555 |   1393 |    162 |      0 |   1119 |   2 |  777.5 |
       Dungeon |   1555 |   1393 |    162 |      0 |   1119 |   2 |  777.5 |
               +--------+--------+--------+--------+--------+-----+--------+

Top non-repeatable levels by time:
     D:2: 936 daAuts
     D:1: 619 daAuts
